Description

Make lings and banes.

Replay - RO8 - South Korea vs Canada - Map 4

Build Order

Get SALT Encoding   

  12  0:00  Drone  
  13  0:07  Drone  
  13  0:13  Extractor  Pull 3 at @100 gas
  13  0:14  Drone  
  14  0:31  Spawning Pool  
  14  0:35  Drone  
  14  0:41  Extractor  Extractor trick
  14  0:42  Drone  
  15  0:50  Overlord  
  15  1:08  Drone  
  16  1:19  Zergling x2  Tons of lings from here
  16  1:21  Metabolic Boost  
  19  1:27  Queen  
  19  1:32  Zergling  
  22  1:52  Hatchery  Go back to gas
  21  1:55  Zergling  
  22  2:02  Overlord  
  23  2:35  Baneling Nest  @50 gas
  32  3:15  Zergling  
  32  3:18  Baneling  Morph 4 or 5
Spawning Tool Build Advisor. Get it on Overwolf

Go to:

Details

  • Created by: debord
  • Published on: Jan 13, 2020
  • Modified on: Jan 13, 2020
  • Patch: 4.11.0
Show
View Real Time Build Order
Export as new Build Order

Comments (0)

There are no comments. Be the first!

Create an account to comment!